 Dungeon Crawl Stone Soup version 0.29.1 (webtiles) character file.

Game seed: 18394952509451023075

1491 smilodon the Slasher (level 8, 0/61 HPs)
             Began as a Demonspawn Fighter on Sept 13, 2022.
             Was a Follower of Okawaru.
             Slain by an orc
             ... wielding a +0 war axe
              (6 damage)
             ... on level 5 of the Dungeon.
             The game lasted 00:11:54 (5957 turns).

smilodon the Slasher (Demonspawn Fighter)           Turns: 5957, Time: 00:11:55

Health: 0/61       AC:  6    Str: 18    XL:     8   Next: 51%
Magic:  8/8        EV:  9    Int: 10    God:    Okawaru [*.....]
Gold:   192        SH:  9    Dex: 13    Spells: 7/7 levels left

rFire   + . .      SeeInvis .   h - +2 short sword (elec)
rCold   . . .      Faith    .   e - +0 kite shield
rNeg    . . .      Spirit   .   b - +0 scale mail
rPois   .          Reflect  .   (no helmet)
rElec   .          Harm     .   (no cloak)
rCorr   .          Rampage  .   (no gloves)
Will    .....                   k - +0 pair of boots
Stlth   ..........              (no amulet)
HPRegen 0.20/turn               i - ring of protection from fire
MPRegen 0.22/turn               (no ring)

@: corroded
A: molten scales 1, magic regeneration, hooves 1, no potion heal 1
a: Renounce Religion, Heroism


You were on level 5 of the Dungeon.
You worshipped Okawaru.
Okawaru was aware of your devotion.
You visited 2 branches of the dungeon, and saw 6 of its levels.

You collected 192 gold pieces.

Inventory:

Hand Weapons
 a - a +0 long sword
 h - a +2 short sword of electrocution (weapon)
 p - a +1 dagger of venom
Armour
 b - a +0 scale mail (worn)
 c - a +0 buckler
 e - a +0 kite shield (worn)
 k - a +0 pair of boots (worn)
Jewellery
 i - a ring of protection from fire (left hand)
 j - a ring of wizardry
 q - an amulet of regeneration
Wands
 d - a wand of mindburst (11)
Scrolls
 f - 2 scrolls of immolation
 g - a scroll of identify {unknown}
 m - a scroll of summoning {unknown}
 o - a scroll of poison {unknown}
Potions
 n - a potion of haste


   Skills:
 + Level 4.8 Fighting
 + Level 3.1(4.5) Short Blades
 * Level 5.1(5.5) Long Blades
 + Level 4.3 Armour
 * Level 4.5 Dodging
 + Level 4.3 Shields


You had 7 spell levels left.
You didn't know any spells.
Your spell library contained the following spells:

 Spells                   Type           Power      Damage    Failure   Level
 Ensorcelled Hibernation  Hex/Ice        0%         N/A       99%         2
 Passwall                 Tmut/Erth      0%         N/A       99%         2
 Swiftness                Air            0%         N/A       100%        3


Dungeon Overview and Level Annotations

Branches:
Dungeon (5/15)             Temple (1/1) D:4

Altars:
Ashenzari
Cheibriados
Dithmenos
Fedhas
Hepliaklqana
Kikubaaqudgha
Makhleb
Okawaru
Ru
Trog
Vehumet
Wu Jian
Xom
Yredelemnul

Shops:
D:3 [


Innate Abilities, Weirdness & Mutations

You are partially covered in molten scales. (AC +2)
You regenerate magic rapidly.
You have large cloven feet.
Potions are less effective at restoring your health.


Message History

The phantom hits you. You block the orc's attack. The orc barely misses you.
You block the jelly's attack.
You miss the phantom.
The phantom is severely damaged.
The phantom hits you but does no damage.
You block the orc warrior's attack. The orc barely misses you. x2
The jelly hits you.
You are splashed with acid!
The orc hits you with a +0 hand axe.
You hit the phantom.
The phantom is severely damaged.
The phantom hits you. You block the orc warrior's attack.
The orc hits you with a +0 mace. The orc hits you with a +0 war axe.
The jelly closely misses you. The orc hits you but does no damage.
You are too injured to fight recklessly!
You are too injured to fight recklessly!
You are too injured to fight recklessly!
You are too injured to fight recklessly!
You are too injured to fight recklessly!
You are too injured to fight recklessly!
You are too injured to fight recklessly!
You are too injured to fight recklessly!
You are too injured to fight recklessly!
You are too injured to fight recklessly!
You are too injured to fight recklessly!
The orc attacks as you move away! You block the orc's attack.
The orc attacks as you move away! The orc barely misses you.
The orc warrior attacks as you move away!
The orc warrior hits you but does no damage.
The phantom hits you but does no damage.
You hit the jelly. The acid corrodes you!
Your hands burn!
* * * LOW HITPOINT WARNING * * *
The jelly is almost dead.
The phantom hits you.
* * * LOW HITPOINT WARNING * * *
The orc warrior hits you with a +0 short sword.
* * * LOW HITPOINT WARNING * * *
The orc hits you with a +0 mace.
* * * LOW HITPOINT WARNING * * *
The orc hits you with a +0 war axe.
You die...

#.....$..........#
####............#
#....#.#.....#
#............##
##..............
#...........[..#
####..............#
##....o##.........##
##....@o...........##
##....JWoo...........#
#....................#
#.....>..............#
##....................#
....[.................###
##....<...........##....
##...............##....
##..............#.....


You could see an orc warrior, a phantom, a jelly and 3 orcs.

Vanquished Creatures
  Pikel (D:4)
  Edmund (D:4)
  An ogre (D:4)
  4 lemures (D:4)
  A phantom (D:5)
  2 kobold brigands (D:4)
  3 scorpions
  A hound (D:2)
  2 jellies
  An iguana (D:4)
  7 orc wizards
  5 adders
  A worm (D:2)
  3 dart slugs
  14 orcs
  7 ball pythons
  5 bats
  7 endoplasms
  A giant cockroach (D:4)
  10 hobgoblins
  6 jackals
  17 kobolds
  2 quokkas
  5 frilled lizards (D:2)
  7 goblins
  A rat (D:3)
115 creatures vanquished.

Notes
Turn   | Place    | Note
-------+----------+-------------------------------------------
     0 | D:1      | smilodon the Demonspawn Fighter began the quest for the
                  | Orb.
     0 | D:1      | Reached XP level 1. HP: 18/18 MP: 1/1
   155 | D:1      | Reached skill level 2 in Long Blades
   155 | D:1      | Gained mutation: You are partially covered in molten
                  | scales. (AC +2) [demonic ancestry]
   155 | D:1      | Reached XP level 2. HP: 15/24 MP: 2/2
   623 | D:1      | Found a faded altar of an unknown god.
   966 | D:1      | Gained mutation: Potions are less effective at restoring
                  | your health. [potion of mutation]
   966 | D:1      | Gained mutation: You have large cloven feet. [potion of
                  | mutation]
  1045 | D:2      | Reached XP level 3. HP: 29/29 MP: 3/3
  1215 | D:2      | Reached skill level 1 in Dodging
  1275 | D:2      | Reached XP level 4. HP: 30/35 MP: 4/4
  1333 | D:2      | Identified the +0 ring mail of Fejiol {rElec rF- Int+4}
  1493 | D:2      | Reached skill level 1 in Short Blades
  1493 | D:2      | Gained mutation: You regenerate magic rapidly. [demonic
                  | ancestry]
  1493 | D:2      | Reached XP level 5. HP: 41/41 MP: 5/5
  2250 | D:3      | Reached skill level 3 in Long Blades
  2364 | D:3      | Found a shadowy altar of Dithmenos.
  2517 | D:3      | Found Banyukh's Antique Armour Emporium.
  2720 | D:3      | Reached XP level 6. HP: 28/39 MP: 6/6
  3337 | D:4      | Found a staircase to the Ecumenical Temple.
  3347 | Temple   | Entered the Ecumenical Temple
  3496 | Temple   | Became a worshipper of Warmaster Okawaru
  3556 | D:4      | Noticed Pikel
  3587 | D:4      | Killed Pikel
  3588 | D:4      | Reached skill level 4 in Long Blades
  3588 | D:4      | Reached XP level 7. HP: 19/54 MP: 7/7
  4234 | D:4      | Noticed Edmund
  4238 | D:4      | Killed Edmund
  4239 | D:4      | Reached XP level 8. HP: 61/61 MP: 8/8
  4501 | D:4      | Reached * piety under Okawaru
  5323 | D:5      | Entered Level 5 of the Dungeon
  5514 | D:5      | Reached skill level 5 in Long Blades
  5957 | D:5      | Slain by an orc

Illustrated notes

Levels and vault maps discovered:
D:1:      lemuel_arrival_muddy, layout_loops_ring,
          shapermc_ecumenical_altar_mp_ritualfount
D:2:      layout_basic
D:3:      layout_basic, nicolae_dithmenos_through_a_glass_darkly, serial_shops,
          shop, minmay_misc_feat_tower, hangedman_decor_opposing,
          due_unseen_surprise
D:4:      cheibrodos_thug_alley, layout_basic,
          minmay_temple_entry_statues_fountains, kennysheep_cluttered_room,
          minmay_distorted, uniq_pikel, uniq_edmund
D:5:      layout_rooms, serial_shops, nicolae_shop_advertising_works
          [nicolae_subvault_shop_adworks], minmay_misc_feat_five
Temple:   eino_temple_lava

Skill      XL: |  1  2  3  4  5  6  7  8 |
---------------+-------------------------+-----
Long Blades    | 2 3 4 5 |  5.1
Shields        | 3 4 |  4.3
Dodging        | 1 2 3 4 |  4.5
Armour         | 3 4 |  4.3
Short Blades   | 1 2 3 |  3.1
Fighting       | 4 |  4.8

Action                   |  1- 3 |  4- 6 |  7- 9 || total
-------------------------+-------+-------+-------++-------
Melee: Long sword        |    36 |       |       ||    36
       Short sword       |    43 |   214 |   190 ||   447
Evoke: Wand              |       |       |     4 ||     4
  Use: Potion            |     3 |     4 |     4 ||    11
       Scroll            |     1 |     1 |     1 ||     3
Armor: Scale mail        |    44 |    95 |    89 ||   228
Dodge: Dodged            |    33 |    55 |    75 ||   163
Block: Buckler           |    10 |       |       ||    10
       Kite shield       |    17 |    82 |    70 ||   169
